 Dungeon Crawl Stone Soup version 0.29-a0-451-gfbfa42419e (webtiles) character file.

Game seed: 14560313127276219362

3386 Bruhh the Fighter (level 10, 110/110 HPs)
             Began as an Ogre Earth Elementalist on May 19, 2022.
             Was an Elder of Okawaru.
             Quit the game on level 9 of the Dungeon.
             The game lasted 00:09:53 (10751 turns).

Bruhh the Fighter (Ogre Earth Elementalist)        Turns: 10751, Time: 00:09:53

Health: 110/110    AC:  4    Str: 14    XL:     10   Next: 4%
Magic:  17/17      EV:  9    Int: 20    God:    Okawaru [****..]
Gold:   466        SH:  0    Dex:  9    Spells: 15/19 levels left

rFire   . . .      SeeInvis .   k - +0 whip (drain)
rCold   . . .      Faith    .   (no shield)
rNeg    . . .      Spirit   .   b - +0 robe
rPois   .          Reflect  .   j - +1 hat
rElec   .          Harm     .   (no cloak)
rCorr   .          Rampage  .   (gloves unavailable)
Will    +....                   (boots unavailable)
Stlth   +++.......              r - amulet of magic regeneration
HPRegen 0.28/turn               e - +4 ring of slaying
MPRegen 0.55/turn               (no ring)

@: mildly poisoned (110 -> 100)
A: large, unfitting armour, tough skin 1
a: Renounce Religion, Heroism, Finesse


You were on level 9 of the Dungeon.
You worshipped Okawaru.
Okawaru was greatly pleased with you.
You visited 1 branch of the dungeon, and saw 9 of its levels.

You collected 466 gold pieces.

Inventory:

Hand Weapons
 c - a +1 vorpal flail
 k - a +0 whip of draining (weapon)
Missiles
 a - 108 stones
 w - a throwing net
Armour
 b - a +0 robe (worn)
 f - a +0 kite shield
 j - a +1 hat (worn)
Jewellery
 e - a +4 ring of slaying (left hand)
 r - an amulet of magic regeneration (around neck)
 v - a +4 ring of evasion
Wands
 p - a wand of paralysis (1)
 z - a wand of mindburst (18)
 B - a wand of iceblast (7)
Scrolls
 d - 2 scrolls of torment
 g - 8 scrolls of identify
 h - a scroll of acquirement {unknown}
 m - 3 scrolls of teleportation {unknown}
 n - a scroll of noise {unknown}
 o - 3 scrolls of amnesia {unknown}
 t - 2 scrolls of enchant weapon {unknown}
 y - a scroll of fog {unknown}
Potions
 i - 3 potions of cancellation
 l - 7 potions of curing
 q - 6 potions of heal wounds {unknown}
 s - 2 potions of attraction {unknown}
 u - a potion of ambrosia {unknown}
 x - 2 potions of berserk rage {unknown}
 A - a potion of haste {unknown}


   Skills:
 + Level 10.2 Fighting
 - Level 1.7 Dodging
 + Level 6.7 Stealth
 - Level 5.0 Spellcasting
 - Level 5.0 Conjurations
 - Level 0.8 Transmutations
 - Level 5.0 Earth Magic


You had 15 spell levels left.
You knew the following spells:

 Your Spells              Type           Power      Damage    Failure   Level
a - Sandblast             Erth           50%        2d12      1%          1
b - Stone Arrow           Conj/Erth      50%        3d10      4%          3

Your spell library contained the following spells:

 Spells                   Type           Power      Damage    Failure   Level
 Passwall                 Tmut/Erth      13%        N/A       5%          2
 Freeze                   Ice            20%        1d4       12%         1
 Necrotize                Necr           20%        1d5       12%         1
 Blink                    Tloc           10%        N/A       17%         2
 Frozen Ramparts          Ice            10%        1d3       34%         3
 Lesser Beckoning         Tloc           5%         N/A       34%         3
 Vampiric Draining        Necr           5%         2d6       34%         3
 Petrify                  Tmut/Erth      16%        N/A       34%         4
 Hailstorm                Conj/Ice       15%        3d5       38%         4
 Agony                    Necr           5%         N/A       97%         5
 Manifold Assault         Tloc           5%         N/A       97%         5
 Orb of Destruction       Conj           12%        9d7       100%        7
 Summon Guardian Golem    Hex/Summ       Unusable   N/A       N/A         3
 Spellforged Servitor     Conj/Summ      Unusable   N/A       N/A         7

Dungeon Overview and Level Annotations

Branches:
Dungeon (9/15)             Temple (0/1) D:6
   Lair: D:8-11         Orc: D:9-12

Altars:
Cheibriados
Dithmenos
Makhleb
Okawaru
Ru
Sif Muna
Uskayaw

Shops:
D:6 *


Innate Abilities, Weirdness & Mutations

You are too large for most types of armour.
You have tough skin. (AC +1)


Message History

There's nothing to open nearby.
A gnoll is nearby!
A gnoll is nearby!
A gnoll is nearby!
A gnoll is nearby!
Items here: ))) [[[ †.
You see here a +0 whip.
You can't see any susceptible monsters within range! (Use Z to cast anyway.)
You can't see any susceptible monsters within range! (Use Z to cast anyway.)
The blast of sand hits the gnoll!
The gnoll is almost dead.
The gnoll shouts!
The gnoll closely misses you.
The blast of sand hits the gnoll!
You kill the gnoll!
Okawaru accepts your kill.
You can't see any susceptible monsters within range! (Use Z to cast anyway.)
You can't see any susceptible monsters within range! (Use Z to cast anyway.) Magic restored.
HP restored.
Things that are here:
a +0 halberd; a gnoll corpse A kobold comes into view.
It is wielding a +0 short sword.
Found a ring mail.
The kobold shouts!
You hear a shout! x2
A kobold is nearby!
A kobold is nearby!
The blast of sand hits the kobold!!
You kill the kobold!
You can't see any susceptible monsters within range! (Use Z to cast anyway.)
Okay, then.
A kobold brigand comes into view.
It is wielding a +0 whip and quivering poisoned darts.
Found a stone staircase leading up.
The kobold brigand throws a poisoned dart.
The poisoned dart hits you!
You are poisoned.
A kobold brigand is nearby!
A kobold brigand is nearby!
A kobold brigand is nearby!
Are you sure you want to abandon this character and quit the game? (Confirm with "yes".)

#.#.#
#....#
#.#.#
##.###.#
#...#
##.## ##
.# #.## ##
#.# .K
#.## .###
#..## ....
#.#.###[.#
#.##.@)#
#.###.##
#.# #.#
#.# #.#
... ...
#.# #..
##.. ..


You could see a kobold brigand.

Vanquished Creatures
  Sigmund (D:5)
  2 wyverns (D:8)
  A steam dragon (D:8)
  Edmund (D:4)
  A water moccasin (D:7)
  An acid dragon (D:8)
  2 black bears
  2 ice beasts
  An ogre (D:5)
  3 phantoms
  2 kobold brigands
  2 gnoll sergeants
  2 scorpions (D:6)
  3 bullfrogs
  A necrophage (D:5)
  8 wights
  2 howler monkeys
  2 orc priests
  4 jellies
  A gnoll shaman (D:5)
  3 hounds
  An iguana (D:5)
  Ijyb (D:3)
  2 orc wizards (D:9)
  14 gnolls
  5 adders
  A white imp (D:7)
  2 ufetubi
  A worm (D:3)
  A dart slug (D:3)
  12 orcs
  5 ball pythons
  6 endoplasms
  3 giant cockroaches
  13 goblins
  2 hobgoblins
  7 jackals
  16 kobolds
  7 quokkas
  5 bats
  7 rats
156 creatures vanquished.

Vanquished Creatures (others)
  3 plants (D:3)
3 creatures vanquished.

Grand Total: 159 creatures vanquished

Notes
Turn   | Place    | Note
-------+----------+-------------------------------------------
     0 | D:1      | Bruhh the Ogre Earth Elementalist began the quest for the
                  | Orb.
     0 | D:1      | Reached XP level 1. HP: 16/16 MP: 3/3
   337 | D:1      | Reached XP level 2. HP: 24/24 MP: 3/5
  1015 | D:1      | Reached XP level 3. HP: 29/30 MP: 7/7
  2064 | D:2      | Reached XP level 4. HP: 35/39 MP: 5/9
  2369 | D:3      | Noticed Ijyb
  2647 | D:3      | Killed Ijyb
  2900 | D:3      | Reached XP level 5. HP: 5/45 MP: 7/11
  2904 | D:3      | Learned a level 3 spell: Stone Arrow
  3888 | D:3      | Found a faded altar of an unknown god.
  4144 | D:3      | Found a burning altar of Makhleb.
  4144 | D:3      | Noticed an Executioner
  4258 | D:3      | Prayed at the altar of an unknown god.
  4258 | D:3      | Became a worshipper of Warmaster Okawaru
  4258 | D:3      | Reached * piety under Okawaru
  4317 | D:4      | Noticed Edmund
  4341 | D:4      | Killed Edmund
  4342 | D:4      | Reached skill level 5 in Spellcasting
  4342 | D:4      | Reached skill level 1 in Conjurations
  4342 | D:4      | Reached XP level 6. HP: 7/53 MP: 10/13
  5303 | D:4      | Found a shimmering blue altar of Sif Muna.
  5429 | D:5      | Entered Level 5 of the Dungeon
  5526 | D:5      | Reached ** piety under Okawaru
  5527 | D:5      | Reached skill level 5 in Earth Magic
  5527 | D:5      | Reached XP level 7. HP: 59/59 MP: 11/14
  5635 | D:5      | Noticed Sigmund
  5639 | D:5      | Killed Sigmund
  5829 | D:5      | Reached skill level 5 in Conjurations
  5831 | D:5      | Reached skill level 1 in Fighting
  6110 | D:5      | Reached skill level 2 in Fighting
  6110 | D:5      | Reached XP level 8. HP: 72/72 MP: 10/15
  6441 | D:6      | Reached skill level 3 in Fighting
  6582 | D:6      | Reached *** piety under Okawaru
  6583 | D:6      | Reached skill level 4 in Fighting
  6630 | D:6      | Found a staircase to the Ecumenical Temple.
  6846 | D:6      | Found Itwor's Assorted Antiques.
  6853 | D:6      | Reached skill level 5 in Fighting
  7279 | D:7      | Reached skill level 6 in Fighting
  7499 | D:7      | Reached XP level 9. HP: 72/92 MP: 8/16
  7657 | D:7      | Reached skill level 7 in Fighting
  7821 | D:7      | Reached skill level 5 in Stealth
  8117 | D:7      | Found a shadowy altar of Dithmenos.
  8123 | D:7      | Reached skill level 8 in Fighting
  8527 | D:8      | Found a sacrificial altar of Ru.
  8527 | D:8      | Found a hide-covered altar of Uskayaw.
  8546 | D:8      | HP: 4/97 [wyvern (10)]
  8547 | D:8      | HP: 1/97 [wyvern (1)]
  8550 | D:8      | Reached **** piety under Okawaru
  8551 | D:8      | Reached skill level 9 in Fighting
 10171 | D:8      | Found a snail-covered altar of Cheibriados.
 10554 | D:9      | Reached skill level 10 in Fighting
 10556 | D:9      | Reached XP level 10. HP: 103/110 MP: 12/17
 10751 | D:9      | Quit the game

Illustrated notes

Levels and vault maps discovered:
D:1:      grunt_arrival_lava_bath, layout_loops_ring
D:2:      layout_basic
D:3:      cheibrodos_old_hovel, layout_basic, makhleb_altar_promises_db,
          nicolae_ecumenical_lake_church, minivault_24, uniq_ijyb
D:4:      layout_basic, lemuel_blue_sif_altar, uniq_edmund
D:5:      layout_basic, uniq_sigmund
D:6:      layout_basic, minmay_temple_entry_gardened_gates, serial_shops,
          nicolae_shop_advertising_works [nicolae_subvault_shop_adworks],
          minivault_23, chequers_garden, kennysheep_generic_room_14
D:7:      layout_basic, grunt_dithmenos_shadows, minivault_24
D:8:      layout_basic, jmf_multi_god_temple, kennysheep_little_box
D:9:      layout_loops_ring, gammafunk_temple_overflow_elements,
          dreamdust_gnoll_shepherd, uniq_gastronok

Skill      XL: |  1  2  3  4  5  6  7  8  9 |
---------------+----------------------------+-----
Earth Magic    | 3 4 5 |  5.0
Spellcasting   | 3 4 5 |  5.0
Conjurations   | 1 2 5 |  5.0
Fighting       | 2 6 10 | 10.2
Stealth        | 2 4 6 |  6.7
Dodging        | |  1.7
Transmutations | |  0.8

Action                   |  1- 3 |  4- 6 |  7- 9 | 10-12 || total
-------------------------+-------+-------+-------+-------++-------
Melee: Unarmed           |    18 |       |       |       ||    18
       Whip              |    65 |    87 |    22 |    11 ||   185
       Flail             |       |     2 |    25 |       ||    27
       Punch             |       |       |     1 |       ||     1
 Cast: Sandblast         |    44 |    63 |    33 |     3 ||   143
       Stone Arrow       |       |     7 |    99 |     4 ||   110
Invok: Heroism           |       |       |     2 |       ||     2
Evoke: Wand              |       |     1 |       |       ||     1
  Use: Scroll            |       |     3 |       |       ||     3
       Potion            |       |     5 |       |       ||     5
 Stab: Sleeping          |     1 |       |       |       ||     1
       Paralysed         |       |     7 |       |       ||     7
Armor: Robe              |    59 |    34 |    25 |     5 ||   123
Dodge: Dodged            |    63 |    56 |    51 |     4 ||   174

Table legend: (Time is in decaauts)
 A = Elapsed time spent in this place.
 B = Non-inter-level travel time spent in this place.
 C = Inter-level travel time spent in this place.
 D = Time resting spent in this place.
 E = Time spent auto-exploring this place.
 F = Levels seen in this place.
 G = Mean time per level.
                   A        B        C        D        E       F      G
               +--------+--------+--------+--------+--------+-----+--------+
         Total |  10775 |  10505 |    270 |    238 |   9122 |   9 | 1197.2 |
       Dungeon |  10775 |  10505 |    270 |    238 |   9122 |   9 | 1197.2 |
               +--------+--------+--------+--------+--------+-----+--------+

Top non-repeatable levels by time:
     D:8: 2134 daAuts
     D:3: 1891 daAuts
     D:2: 1271 daAuts
     D:4: 1141 daAuts
     D:1: 1141 daAuts
     D:7: 1095 daAuts
     D:5: 948 daAuts
     D:6: 884 daAuts
     D:9: 268 daAuts
